 Dungeon Crawl Stone Soup version 0.32-a0-131-g9dbbe29261 (webtiles) character file.

Game seed: 6947407350445100140

7 Ambrosia the Conjurer (level 1, 0/15 HPs)
             Began as a Draconian Conjurer on Feb 8, 2024.
             Slain by a jackal (2 damage)
             ... on level 1 of the Dungeon.
             The game lasted 00:00:26 (305 turns).

Ambrosia the Conjurer (Draconian Conjurer)           Turns: 305, Time: 00:00:27

Health: 0/15       AC:  4    Str:  9    XL:     1   Next: 91%
Magic:  0/3        EV: 12    Int: 18    God:
Gold:   19         SH:  0    Dex:  9    Spells: 3/4 levels left

rFire   . . .        (no weapon)
rCold   . . .        (no shield)
rNeg    . . .        (body armour unavailable)
rPois   .            (helmet restricted)
rElec   .            (no cloak)
rCorr   .            (no gloves)
SInv    .            (no boots)
Will    .....        (no amulet)
Stlth   ++           (no ring)
HPRegen 0.22/turn    (no ring)
MPRegen 0.08/turn

%: no passive effects
@: no status effects
A: AC +4, unfitting armour, cold-blooded
a: no special abilities


You were on level 1 of the Dungeon.
You visited 1 branch of the dungeon, and saw 1 of its levels.

You collected 19 gold pieces.

Inventory:

Potions
 a - a potion of magic


   Skills:
 + Level 0.4 Fighting
 * Level 2.0 Dodging
 - Level 1.7 Stealth
 * Level 2.1 Spellcasting
 * Level 4.1 Conjurations


You had 3 spell levels left.
You knew the following spells:

 Your Spells              Type           Power      Damage    Failure   Level
a - Magic Dart            Conj           64%        1d6       3%          1

Your spell library contained the following spells:

 Spells                   Type           Power      Damage    Failure   Level
 Searing Ray              Conj           32%        2d5       4%          2
 Fulminant Prism          Conj/Alch      4%         3d5       58%         4
 Iskenderun's Mystic Bla  Conj/Tloc      9%         2d4       58%         4


Dungeon Overview and Level Annotations

Branches:
Dungeon (1/15) Zot: 5694

Altars:


Innate Abilities, Weirdness & Mutations

Your plain brown scales are hard. (AC +4)
You cannot fit into any form of body armour.
You are cold-blooded and may be slowed by cold attacks.


Message History

You barely miss the bat. The bat barely misses you.
The bat hits you but does no damage.
You miss the bat.
Your tail-slap misses the bat.
The bat misses you.
A bat is nearby!
You are out of magic!
You hit the bat. The bat hits you. The bat closely misses you.
A bat is nearby!
You take 1 damage, and have 13/14 hp.
You hit the bat.
You kill the bat!
A jackal comes into view.
Health restored: 14; MP restored: 3 A jackal is nearby!
The magic dart hits the jackal.
The jackal barks!
You hear a bark!
A jackal comes into view.
You now have 2/3 mp.
A jackal comes into view.
The jackal moves out of view.
You see here a silvery potion.
There are monsters nearby!
The magic dart hits the jackal.
You kill the jackal!
Your Dodging skill increases to level 2!
Health restored: 15 You now have 1/3 mp.
The magic dart hits the jackal.
The jackal barks!
You now have 0/3 mp.
You are out of magic!
You are out of magic!
The jackal bites you.
The jackal bites you but does no damage.
There are monsters nearby!
You take 2 damage, and have 13/15 hp.
You hit the jackal but do no damage.
The jackal bites you but does no damage.
There are monsters nearby!
You hit the jackal.
Your tail-slap misses the jackal.
The jackal bites you but does no damage.
The jackal bites you.
The jackal bites you but does no damage.
The jackal closely misses you.
There are monsters nearby!
You take 1 damage, and have 12/15 hp.
You barely miss the jackal. The jackal closely misses you.
The jackal barely misses you.
There are monsters nearby!
The jackal barely misses you. The jackal attacks as it pursues you!
The jackal barely misses you. The jackal closely misses you.
The jackal bites you.
You take 1 damage, and have 11/15 hp.
The jackal attacks as it pursues you! The jackal closely misses you.
You are too injured to fight recklessly!
There are monsters nearby!
You are too injured to fight recklessly!
There are monsters nearby!
You barely miss the jackal. The jackal bites you.
The jackal bites you but does no damage.
The jackal bites you. The jackal closely misses you.
There are monsters nearby!
You take 5 damage, and have 7/15 hp.
MASSIVE DAMAGE!!
You are too injured to fight recklessly!
There are monsters nearby!
The jackal attacks as it pursues you!
The jackal bites you but does no damage.
The jackal attacks as it pursues you! The jackal misses you.
Aiming: Magic Dart (safe; 3% risk of failure)
Press: ? - help, Q - select action Shift-Dir - straight line, f/p - jackal
Aim: a jackal (100% to hit)
The magic dart hits the jackal but does no damage.
The jackal closely misses you. x3
You now have 0/3 mp.
You don't have enough magic to cast this spell.
Unknown command.
You hit the jackal but do no damage. The jackal closely misses you.
The jackal bites you but does no damage.
The jackal bites you.
You hit the jackal. The jackal closely misses you. x2
You hit the jackal. The jackal barely misses you.
The jackal closely misses you.
The jackal bites you but does no damage.
The jackal barely misses you.
You hit the jackal but do no damage.
The jackal bites you but does no damage.
The jackal bites you.
You take 2 damage, and have 5/15 hp.
You closely miss the jackal.
The jackal bites you but does no damage.
The jackal barely misses you. The jackal bites you.
* * * LOW HITPOINT WARNING * * *
You take 1 damage, and have 4/15 hp.
You closely miss the jackal. The jackal bites you.
* * * LOW HITPOINT WARNING * * *
The jackal barely misses you. The jackal closely misses you.
You take 2 damage, and have 2/15 hp.
You hit the jackal but do no damage.
You tail-slap the jackal, but do no damage.
The jackal barely misses you. The jackal bites you.
You die...

....................#
.....#.##.#..##....#
#. #.#...†..########
. ..#..#..#.##
#.###.##....#..###
#.....###...##....
..................
#......!...h.#......
#####......h@#######
#..†#....#
#...##....#
#...#####.# #...# ..#
....# #.# ...... ..
......# ...


You could see 2 jackals.

Vanquished Creatures
  An endoplasm (D:1)
  A goblin (D:1)
  A jackal (D:1)
  A kobold (D:1)
  2 bats (D:1)
6 creatures vanquished.

Notes
Turn   | Place    | Note
-------+----------+-------------------------------------------
     0 | D:1      | Ambrosia the Draconian Conjurer began the quest for the
                  | Orb.
     0 | D:1      | Reached XP level 1. HP: 14/14 MP: 3/3
   287 | D:1      | Reached skill level 2 in Dodging
   296 | D:1      | HP: 7/15 [jackal (2)]
   302 | D:1      | HP: 5/15 [jackal (2)]
   304 | D:1      | HP: 2/15 [jackal (3)]
   305 | D:1      | Slain by a jackal

Illustrated notes

Levels and vault maps discovered:
D:1:      sevenhm_arrival_forest_fort_large_4, layout_rooms

Skill      XL: |  1 |
---------------+----+-----
Dodging        | 2 |  2.0
Fighting       | |  0.4
Stealth        | |  1.7
Spellcasting   | |  2.1
Conjurations   | |  4.1

Action                     || total
---------------------------++-------
  Melee: Unarmed           ||    20
         Tailslap          ||     1
   Cast: Magic Dart        ||    16
 Armour: Skin              ||    31
  Dodge: Dodged            ||    33

Table legend: (Time is in decaauts)
 A = Elapsed time spent in this place.
 B = Non-inter-level travel time spent in this place.
 C = Inter-level travel time spent in this place.
 D = Time resting spent in this place.
 E = Time spent auto-exploring this place.
 F = Levels seen in this place.
 G = Mean time per level.
                   A        B        C        D        E       F      G
               +--------+--------+--------+--------+--------+-----+--------+
         Total |    305 |    305 |      0 |      0 |    243 |   1 |  305.0 |
       Dungeon |    305 |    305 |      0 |      0 |    243 |   1 |  305.0 |
               +--------+--------+--------+--------+--------+-----+--------+

Top non-repeatable levels by time:
     D:1: 305 daAuts

Levels and vault maps discovered:
D:1:      sevenhm_arrival_forest_fort_large_4, layout_rooms

Table legend: (Time is in decaauts)
 A = Elapsed time spent in this place.
 B = Non-inter-level travel time spent in this place.
 C = Inter-level travel time spent in this place.
 D = Time resting spent in this place.
 E = Time spent auto-exploring this place.
 F = Levels seen in this place.
 G = Mean time per level.
                   A        B        C        D        E       F      G
               +--------+--------+--------+--------+--------+-----+--------+
         Total |    305 |    305 |      0 |      0 |    243 |   1 |  305.0 |
       Dungeon |    305 |    305 |      0 |      0 |    243 |   1 |  305.0 |
               +--------+--------+--------+--------+--------+-----+--------+

Top non-repeatable levels by time:
     D:1: 305 daAuts

Table legend:
 A = Kills in this place as a percentage of kills in the entire game.
 B = Kills by you in this place as a percentage of kills by you in the entire game.
 C = Kills by friends in this place as a percentage of kills by friends in the entire game.
 D = Other kills in this place as a percentage of other kills in the entire game.
 E = Experience gained in this place as a percentage of experience gained in the entire game.
 F = Experience gained in this place divided by the number of levels of this place that you have seen.
                   A       B       C       D       E      F
               +-------+-------+-------+-------+-------+----------------------
         Total | 100.0 | 100.0 |   N/A |   N/A | 100.0 |  11.0
       Dungeon | 100.0 | 100.0 |   N/A |   N/A | 100.0 |  11.0
               +-------+-------+-------+-------+-------+----------------------
